 Dungeon Crawl Stone Soup version 0.14-a0-2091-gca92d1a (webtiles) character file.

1080 Mitsuki the Changer (level 8, -4/60 HPs)
             Began as a Merfolk Transmuter on Jan 26, 2014.
             Killed by divine providence
             ... invoked by an orc priest
              (10 damage)
             ... on Level 5 of the Dungeon.
             The game lasted 00:18:42 (5309 turns).

Mitsuki the Changer (Merfolk Transmuter)            Turns: 5309, Time: 00:18:42

HP  -4/60        AC  3     Str 11      XL: 8   Next:  3%
MP  10/13        EV 15     Int 14      God:
Gold 210         SH  0     Dex 14      Spells:  3 memorised,  5 levels left

rFire  . . .     SeeInvis .       - Unarmed
rCold  . . .     Clarity  +     r - +0 elf robe
rNeg   . . .     Conserve .     (no shield)
rPois  .         rCorr    .     (helmet restricted)
rElec  .         rRot     .     (no cloak)
SustAb . .       Spirit   .     (no gloves)
rMut   .         Warding  .     C - +0 pair of boots
Saprov . . .     Stasis   .     l - amulet of clarity
MR     .....                    (no ring)
                                (no ring)

@: appendage, not resistant to hostile enchantments, unstealthy
A: change form in water, swift swim, horns 2
a: End Transformation


You were on level 5 of the Dungeon.
You were hungry.
You had grown temporary horns.
You visited 1 branch of the dungeon, and saw 5 of its levels.

You collected 210 gold pieces.

Inventory:

Missiles
 b - 55 arrows
Armour
 r - a +0 elven robe (worn)
 C - a +0 pair of boots (worn)
Magical devices
 m - a wand of cold (7)
 y - a wand of cold (3)
Comestibles
 a - 5 bread rations
 i - a lemon
 n - a meat ration
 q - a rotting chunk of orc flesh
Scrolls
 c - 3 scrolls of curse weapon {unknown}
 e - a scroll of amnesia {unknown}
 f - a scroll of remove curse {unknown}
 g - a scroll of blinking {unknown}
 h - 2 scrolls of fear {unknown}
 j - 4 scrolls of magic mapping {unknown}
 k - 2 scrolls of identify
 o - 2 scrolls of random uselessness {unknown}
 t - 2 scrolls of teleportation {unknown}
 w - a scroll of fog {unknown}
 A - a scroll of curse jewellery {unknown}
 B - a scroll of enchant weapon I {unknown}
 D - a scroll of immolation {unknown}
 E - a scroll of enchant weapon II {unknown}
Jewellery
 l - an amulet of clarity (around neck)
Potions
 p - a potion of agility
 s - a potion of magic
 u - 4 potions of curing
 v - a potion of heal wounds
Books
 d - a book of Changes

   Spells                             Type                      Level
   *Beastly Appendage                 Transmutation                1
   *Sticks to Snakes                  Transmutation                2
   *Spider Form                       Transmutation/Poison         3
   Ice Form                           Ice/Transmutation            4
   Blade Hands                        Transmutation                5


   Skills:
 + Level 3.7 Fighting
 + Level 6.2 Dodging
 + Level 6.0 Unarmed Combat
 - Level 2.0 Spellcasting
 + Level 7.0 Transmutations


You had 5 spell levels left.
You knew the following spells:

 Your Spells              Type           Power        Failure   Level  Hunger
a - Beastly Appendage     Trmt           ###...       1%          1    ##.....
b - Spider Form           Trmt/Pois      ##........   17%         3    ####...
c - Sticks to Snakes      Trmt           ###.......   1%          2    ###....


Dungeon Overview and Level Annotations

Branches:
Dungeon (5/16)
 Temple: D:4-7

Altars:
Ashenzari
Makhleb
Nemelex Xobeh


Innate Abilities, Weirdness & Mutations

You revert to your normal form in water.*
You are very nimble and swift while swimming.*
You have a pair of horns on your head.*


Message History

The orc priest hits you with an orcish club!
* * * LOW HITPOINT WARNING * * *
You barely miss the orc wizard.
The orc wizard is almost dead.
The orc wizard looks more healthy.
The orc wizard misses you.
The orc priest hits you with an orcish club.
* * * LOW HITPOINT WARNING * * *
The orc wizard misses you.
You punch the orc wizard!
You kill the orc wizard!
Your Unarmed Combat skill increases to level 6!
Your Transmutations skill increases to level 7!
You feel yourself speed up. The orc priest closely misses you.
You completely miss the orc priest.
The orc priest is almost dead.
The orc priest looks more healthy.
The orc priest mumbles some strange prayers to Beogh against you.
Something smites you!
You die...

#....#
##..##
#####..# .
#......#
#......####
###
#$..........
...
#......####
###
##........#
#.@).....#
#.)o.....#
#........#
#........#
#####.####
.# ..


P You could see an orc priest.

Vanquished Creatures
  The ghost of Kae the Ruinous, an experienced TeFE of Vehumet (D:4)
  A sky beast (D:3)
  A hound (D:3)
  A scorpion (D:5)
  An orc priest (D:5)
  4 orc wizards (D:5)
  2 iguanas
  2 worker ants (D:4)
  Ijyb (D:2)
  3 gnolls (D:4)
  6 adders
  2 giant mites (D:5)
  A worm (D:4)
  An adder skeleton (D:4)
  2 oozes
  4 orcs (D:5)
  A ball python (D:1)
  11 bats
  2 bat skeletons (D:4)
  5 giant cockroaches
  12 goblins
  13 hobgoblins
  10 jackals
  10 kobolds
  3 giant geckos
  4 giant newts
  A kobold skeleton (D:5)
  An orc skeleton (D:4)
  2 quokkas
  14 rats
122 creatures vanquished.

Vanquished Creatures (collateral kills)
  A crimson imp (D:5)
  A scorpion (D:5)
  An adder zombie (D:5)
  A giant eyeball (D:4)
  An ooze (D:4)
  A goblin (D:2)
  A giant newt (D:5)
  2 rats (D:2)
9 creatures vanquished.

Grand Total: 131 creatures vanquished

Notes
Turn   | Place    | Note
--------------------------------------------------------------
     0 | D:1      | Mitsuki, the Merfolk Transmuter, began the quest for the Orb.
     0 | D:1      | Reached XP level 1. HP: 15/15 MP: 3/3
   384 | D:1      | Reached XP level 2. HP: 21/21 MP: 2/4
   513 | D:1      | Reached skill level 4 in Unarmed Combat
   652 | D:1      | Reached XP level 3. HP: 26/26 MP: 4/6
   954 | D:1      | Learned a level 3 spell: Spider Form
   957 | D:1      | Learned a level 2 spell: Sticks to Snakes
   994 | D:2      | Found a shattered altar of Ashenzari.
  1252 | D:2      | Noticed Ijyb
  1277 | D:2      | Killed Ijyb
  1277 | D:2      | Reached XP level 4. HP: 17/32 MP: 2/7
  1635 | D:2      | Paralysed by a potion of paralysis for 4 turns
  2119 | D:3      | Noticed a sky beast
  2133 | D:3      | Killed a sky beast
  2133 | D:3      | Reached XP level 5. HP: 28/38 MP: 6/9
  2583 | D:3      | Found a burning altar of Makhleb.
  2590 | D:3      | Reached skill level 5 in Unarmed Combat
  2590 | D:3      | Reached XP level 6. HP: 35/44 MP: 8/10
  2787 | D:4      | Noticed Kae's ghost (experienced TeFE)
  3099 | D:4      | Reached skill level 5 in Transmutations
  3678 | D:4      | Found a sparkling altar of Nemelex Xobeh.
  3827 | D:4      | Paralysed by a giant eyeball for 4 turns
  3834 | D:4      | Reached skill level 5 in Dodging
  4166 | D:4      | Killed Kae's ghost
  4166 | D:4      | Reached skill level 6 in Transmutations
  4166 | D:4      | Reached XP level 7. HP: 27/52 MP: 9/12
  4427 | D:5      | Entered Level 5 of the Dungeon
  5299 | D:5      | Reached XP level 8. HP: 39/60 MP: 10/13
  5308 | D:5      | Reached skill level 7 in Transmutations
  5309 | D:5      | Killed from afar by an orc priest

Action                   |  1- 3 |  4- 6 |  7- 9 || total
-------------------------+-------+-------+-------++-------
Melee: Unarmed           |   115 |   182 |    94 ||   391
 Cast: Beastly Appendage |    16 |    29 |     9 ||    54
       Sticks to Snakes  |     3 |     9 |     6 ||    18
       Spider Form       |     1 |    10 |     3 ||    14
Evoke: Wand              |       |     1 |       ||     1
  Use: Potion            |       |     6 |     2 ||     8
       Scroll            |       |     1 |       ||     1
